 Dungeon Crawl Stone Soup version 0.17-a0-1711-gc5340a3 (webtiles) character file.

272 urechis the Sneak (level 6, -3/28 HPs)
             Began as a Spriggan Enchanter on Aug 22, 2015.
             Slain by a giant frog (7 damage)
             ... in a sewer.
             The game lasted 00:08:36 (4159 turns).

urechis the Sneak (Spriggan Enchanter)              Turns: 4159, Time: 00:08:36

Health: -3/28      AC:  3    Str:  9    XL:     6   Next: 2%
Magic:  8/11       EV: 18    Int: 19    God:
Gold:   138        SH:  0    Dex: 16    Spells: 1 memorised, 9 levels left

rFire  . . .     SeeInvis +     a - +1 dagger
rCold  . . .     Clarity  .     b - +1 robe
rNeg   . . .     SustAt   .     (shield restricted)
rPois  .         Gourm    .     (helmet restricted)
rElec  .         Spirit   .     (no cloak)
rCorr  .         Warding  .     (gloves unavailable)
rMut   .         Stasis   .     (boots unavailable)
MR     +....                    (no amulet)
Stlth  ++++......               (no ring)
                                (no ring)

@: mighty, very quick, somewhat resistant to hostile enchantments, stealthy
A: unfitting armour, see invisible, herbivore 3, speed 3, slow metabolism 2
a: no special abilities


You were in a sewer.
You were not hungry.

You visited 1 branch of the dungeon, and saw 3 of its levels.
You also visited: Sewer.

You collected 138 gold pieces.

Inventory:

Hand weapons
 a - a +1 dagger (weapon)
Armour
 b - a +1 robe (worn)
 n - a +2 buckler
Jewellery
 h - an uncursed ring of flight {unknown}
Scrolls
 e - 2 scrolls of remove curse {unknown}
 f - 5 scrolls of identify {unknown}
 j - a scroll of amnesia {unknown}
 p - a scroll of blinking {unknown}
 q - a scroll of enchant armour {unknown}
Potions
 l - a potion of degeneration {unknown}
 m - a potion of cure mutation
 o - a potion of heal wounds {unknown}
 r - a potion of haste {unknown}
Books
 c - a book of Maledictions

   Spells                             Type                      Level
   a - Corona                         Hexes                        1
   b - Ensorcelled Hibernation        Hexes/Ice                    2
   c - Confuse                        Hexes                        3
   d - Tukima's Dance                 Hexes                        3
   e - Dazzling Spray                 Conjuration/Hexes            3
Comestibles
 d - 4 bread rations
 i - a slice of pizza


   Skills:
 + Level 4.9 Short Blades
 - Level 3.0 Dodging
 + Level 7.8 Stealth
 - Level 2.6 Spellcasting
 - Level 3.6 Hexes


You had 9 spell levels left.
You knew the following spells:

 Your Spells              Type           Power        Failure   Level  Hunger
a - Corona                Hex            ###....      4%          1    None


Dungeon Overview and Level Annotations

Branches:
Dungeon (3/15)

Altars:
Gozag

Annotations:
D:3 Grinder, Natasha


Innate Abilities, Weirdness & Mutations

You are tiny and cannot use many weapons and most armour.
You have supernaturally acute eyesight.
You are a herbivore.
You cover ground extremely quickly.
You need consume almost no food.


Message History

Increase (S)trength, (I)ntelligence, or (D)exterity?
You feel clever. The giant frog hits you.
* * * LOW HITPOINT WARNING * * *
The giant frog barely misses you.
Drink which item? (? for menu, Esc to quit)
It was a potion of might.
You feel very mighty all of a sudden. The giant frog barely misses you.
Casting: Corona
Confirm with . or Enter, or press ? or * to list all spells.
Aiming: Corona
Press: ? - help, Shift-Dir - straight line, f - giant frog
Aim: a giant frog (chance to defeat MR: 53%)
The giant frog is outlined in light.
The giant frog misses you. The giant frog misses you.
You hit the giant frog.
The giant frog is moderately wounded.
The giant frog hits you!
You die...

≈≈.#≈†##≈≈≈≈≈##≈≈#.≈≈#..#
≈.##≈≈#≈≈≈≈≈≈≈#≈≈###≈#≈.#
≈†#.≈##≈≈≈≈.≈≈##≈≈≈#≈#.≈#
≈≈#≈≈#≈≈s≈≈F≈≈≈#≈≈∩#.#††#
.≈#≈≈#≈≈≈.≈≈.≈≈#≈≈≈#≈#≈≈#
≈≈#≈≈#≈../.....#≈≈##≈#≈≈#
≈≈#†≈#≈..$?≈.≈≈#≈÷#≈≈#≈.#
.≈#.≈#≈...?$†≈≈#.≈#≈.#.≈#
≈≈#≈≈##≈...≈.≈##@.#≈≈≈≈≈#
≈≈##≈≈#≈≈≈.≈...F÷.#≈≈≈.≈#
≈≈.#≈≈##≈≈.≈≈≈≈≈###..≈.≈#
#≈†#≈≈≈##≈≈≈≈≈###.#######
#≈≈##≈.≈#######÷.≈≈.#
#≈≈≈#≈.≈.≈≈≈≈≈≈≈≈..≈#
##≈≈##≈≈≈.≈≈≈.≈##≈≈##
#≈≈.##≈≈≈≈≈.≈##≈≈##
#≈≈≈†###≈..###≈.≈#


You could see a giant frog.

Vanquished Creatures
  A giant frog (Sewer)
  8 adders
  10 oozes
  9 giant geckos
  10 ball pythons
  5 bats
  19 giant cockroaches
  4 goblins
  2 hobgoblins
  A quokka (D:2)
  8 giant newts
  8 kobolds
  10 rats
95 creatures vanquished.

Notes
Turn   | Place    | Note
--------------------------------------------------------------
     0 | D:1      | urechis the Spriggan Enchanter began the quest for the Orb.
     0 | D:1      | Reached XP level 1. HP: 9/9 MP: 5/5
   393 | D:1      | Reached XP level 2. HP: 11/13 MP: 6/6
   832 | D:2      | Found an opulent altar of Gozag.
   850 | D:2      | Reached skill level 5 in Stealth
  1036 | D:2      | Reached XP level 3. HP: 9/16 MP: 8/8
  1629 | D:2      | Reached skill level 6 in Stealth
  1930 | D:2      | Reached XP level 4. HP: 21/21 MP: 9/9
  2003 | D:3      | Noticed Grinder
  2167 | D:3      | Noticed Natasha
  2186 | D:3      | HP: 1/21 [white imp/puff of frost[Natasha] (9)]
  2599 | D:3      | Found a glowing drain.
  2639 | Sewer    | Entered a sewer
  3184 | Sewer    | Reached XP level 5. HP: 22/24 MP: 8/10
  3533 | Sewer    | Reached skill level 7 in Stealth
  4065 | Sewer    | Noticed a giant frog
  4070 | Sewer    | Noticed a giant frog
  4156 | Sewer    | Killed a giant frog
  4156 | Sewer    | Reached XP level 6. HP: 7/28 MP: 8/11
  4159 | Sewer    | Slain by a giant frog

Vault maps used:
D:1:      dpeg_arrival_yet_another_circle, roderic_lattice_a, eino_curves_03
D:2:      minmay_door_path, grunt_gozag_statues, first_bread,
          kennysheep_generic_room_7
D:3:      portal_sewer_entry_d, kennysheep_generic_room_15, uniq_natasha,
          uniq_grinder
Sewer:    sewer_frog_island_02

Action                   |  1- 3 |  4- 6 || total
-------------------------+-------+-------++-------
Melee: Dagger            |    94 |   311 ||   405
 Cast: Corona            |       |    49 ||    49
  Use: Potion            |     1 |     5 ||     6
 Stab: Sleeping          |    17 |     6 ||    23
       Distracted        |       |     2 ||     2
  Eat: Pizza             |       |     1 ||     1
